 Dungeon Crawl Stone Soup version 0.29-a0-670-g5ff2a30383 (webtiles) character file.

Game seed: 4231966233141170568

16508 CannotBeFrozen the Carver (level 11, 0/132 HPs)
             Began as a Demigod Warper on June 24, 2022.
             Slain by an elephant (3 damage)
             ... on level 2 of the Lair of Beasts.
             The game lasted 00:46:35 (13684 turns).

CannotBeFrozen the Carver (Demigod Warper)         Turns: 13684, Time: 00:46:35

Health: 0/132      AC:  9    Str:  9      XL:     11   Next: 81%
Magic:  20/20      EV: 20    Int: 26 (28) God:
Gold:   667        SH:  0    Dex: 25      Spells: 5/18 levels left

rFire   . . .      SeeInvis .   a - +8 great sword of Absolution {vorpal, Contam rPois rC+}
rCold   + . .      Faith    .   (shield currently unavailable)
rNeg    . . .      Spirit   .   E - +0 steam dragon scales
rPois   +          Reflect  .   p - +1 hat
rElec   .          Harm     .   (no cloak)
rCorr   .          Rampage  .   (no gloves)
Will    +....                   v - +1 pair of boots
Stlth   ..........              y - amulet of regeneration
HPRegen 1.12/turn               O - ring "Olam" {EV+4 Str-3 Int+7 Slay+5}
MPRegen 0.17/turn               G - +6 ring of intelligence

@: berserking (expiring), studying Axes, very quick
A: high MP 1, forlorn, divine attributes, deterioration 1
a: no special abilities


You were on level 2 of the Lair of Beasts.
You visited 2 branches of the dungeon, and saw 14 of its levels.
You also visited: Sewer.

You collected 667 gold pieces.

Inventory:

Hand Weapons
 a - the +8 great sword of Absolution (weapon) {vorpal, Contam rPois rC+}
   (You found it on level 5 of the Dungeon)

   It inflicts extra damage upon your enemies.
   rC:        It protects you from cold.
   rPois:     It protects you from poison.
   Contam:    It causes magical contamination when unequipped.
 b - the +7 Throatcutter {drain, coup de grace}
   (You took it off a centaur on level 7 of the Dungeon)

   A truly terrible weapon, it drains the life of any living foe it strikes.
   It may instantly kill foes which have little health.
 B - a +0 falchion of flaming
Missiles
 d - 3 boomerangs of dispersal {=f =F}
 h - 2 throwing nets {=f =F}
 i - 35 poisoned darts
 m - 6 javelins
 o - 140 stones
 K - a boomerang
 P - 5 curare-tipped darts {=f =F}
Armour
 g - a +0 ring mail
 p - a +1 hat (worn)
 v - a +1 pair of boots (worn)
 E - +0 steam dragon scales (worn)
Jewellery
 y - an amulet of regeneration (around neck)
 A - a ring of ice
 C - an amulet of magic regeneration
 G - a +6 ring of intelligence (right hand)
 M - a +6 ring of dexterity
 N - a ring of protection from fire
 O - the ring "Olam" (left hand) {EV+4 Str-3 Int+7 Slay+5}
   (You found it on level 11 of the Dungeon)

   [ring of evasion]

   EV:        It affects your evasion (+4).
   Str:       It affects your strength (-3).
   Int:       It affects your intelligence (+7).
   Slay:      It affects your accuracy & damage with ranged weapons and melee
   (+5).
Wands
 z - a wand of paralysis (9)
 D - a wand of flame (17)
 I - a wand of mindburst (18)
Scrolls
 f - 2 scrolls of poison
 l - 3 scrolls of teleportation {@r2}
 r - a scroll of identify {@r1}
 t - 5 scrolls of enchant armour
 x - 8 scrolls of magic mapping
 J - a scroll of vulnerability
Potions
 e - a potion of might
 j - 5 potions of brilliance
 k - a potion of invisibility
 q - 2 potions of berserk rage
 s - 4 potions of magic
 u - 5 potions of heal wounds {@q2}
 w - a potion of haste
 F - 4 potions of curing {@q1}
 H - 3 potions of lignification


   Skills:
 + Level 5.5 Fighting
 + Level 11.8 Long Blades
 - Level 2.0 Throwing
 - Level 5.0 Armour
 + Level 5.4 Dodging
 - Level 2.0 Stealth
 + Level 4.1 Spellcasting
 + Level 10.2 Translocations


You had 5 spell levels left.
You knew the following spells:

 Your Spells              Type           Power      Damage    Failure   Level
a - Manifold Assault      Tloc           55%        N/A       3%          5
b - Lesser Beckoning      Tloc           55%        N/A       1%          3
g - Gell's Gravitas       Tloc           55%        N/A       1%          3
z - Blink                 Tloc           100%       N/A       1%          2

Your spell library contained the following spells:

 Spells                   Type           Power      Damage    Failure   Level
 Teleport Other           Tloc           55%        N/A       1%          3
 Magic Dart               Conj           20%        1d4       9%          1
 Call Imp                 Summ           5%         N/A       13%         2
 Ensorcelled Hibernation  Hex/Ice        10%        N/A       13%         2
 Mephitic Cloud           Conj/Pois/Air  5%         N/A       26%         3
 Spider Form              Tmut/Pois      5%         N/A       26%         3
 Anguish                  Hex/Necr       2%         N/A       63%         4
 Summon Ice Beast         Ice/Summ       5%         N/A       63%         4
 Summon Mana Viper        Hex/Summ       5%         N/A       93%         5
 Monstrous Menagerie      Summ           2%         N/A       100%        7


Dungeon Overview and Level Annotations

Branches:
Dungeon (12/15)            Temple (0/1) D:7            Lair (2/6) D:11
    Orc (0/2) D:10          Sewer (visited)
  Swamp: Lair:2-4    Shoals: Lair:2-4     Snake: Lair:2-4    Spider: Lair:2-4

Shops:
D:9 *   D:12 :

Annotations:
D:8 1 runed translucent door, JosephDoom's ghost, novice MiFi


Innate Abilities, Weirdness & Mutations

You have an increased reservoir of magic. (+10% MP)
You shall have no god before yourself.
Your divine heritage dramatically boosts your attributes as you level up.
Your body sometimes deteriorates upon taking damage.


Message History

You feel yourself moving faster!
You feel mighty! The cane toad stings you!!
* * * LOW HITPOINT WARNING * * *
The elephant tramples you!
* * * LOW HITPOINT WARNING * * *
You hold your ground!
The elephant barely misses you.
HP: 26/132 (-9) ==---------- You completely miss the cane toad.
The cane toad is lightly wounded.
The cane toad misses you.
You barely miss the cane toad.
The cane toad is lightly wounded.
The elephant tramples you!
* * * LOW HITPOINT WARNING * * *
You hold your ground!
The elephant completely misses you. The cane toad barely misses you.
HP: 18/132 (-9) =----------- You slice the cane toad!!
The cane toad is almost dead.
You hear a trumpeting!
The cane toad misses you. The elephant tramples you!
* * * LOW HITPOINT WARNING * * *
You hold your ground!
The elephant barely misses you.
You hear a trumpeting!
HP: 8/132 (-10) ------------ You slice the cane toad!!
You kill the cane toad!
You hear a trumpeting!
You slice the elephant!!
The elephant is moderately wounded.
The elephant tramples you but does no damage.
The elephant closely misses you.
You slash the elephant!
The elephant is heavily wounded.
The elephant misses you. The elephant closely misses you.
You barely miss the elephant.
The elephant is heavily wounded.
The elephant tramples you!
* * * LOW HITPOINT WARNING * * *
You hold your ground!
The elephant trunk-slaps you.
You die...

# .. ###. ..
.... .. ..
##..##.
...##...#.
.........
#....# ##.##
#.#@#
........Y##
...........
......_..>.Y.
..............Y
..............Y
......#..###..Y
......##.# ...


You could see an elephant.

Vanquished Creatures
  A hydra (D:11)
  A boulder beetle (D:11)
  3 two-headed ogres
  3 death yaks (D:11)
  A deep elf pyromancer (D:12)
  An ugly thing (D:11)
  A cyclops (D:8)
  An elephant (Lair:2)
  A cane toad (Lair:2)
  A gargoyle (D:11)
  2 unseen horrors
  2 komodo dragons
  A kobold demonologist (D:11)
  A troll (D:12)
  4 slime creatures (D:12)
  A shadow (D:10)
  5 yaks
  3 wyverns
  A steam dragon (D:6)
  5 vampire mosquitoes (D:10)
  A warg (D:10)
  Duvessa (D:7)
  8 orc warriors
  3 black bears
  2 ice beasts
  2 ogres (D:6)
  7 centaurs
  2 phantoms
  7 kobold brigands
  A gnoll sergeant (D:9)
  4 scorpions
  3 bullfrogs
  A necrophage (D:5)
  5 wights
  Dowan (D:7)
  17 killer bees
  A howler monkey (D:6)
  3 jellies
  3 orc priests
  7 hounds
  An iron imp (D:9)
  2 hell rats (D:11)
  5 iguanas
  4 orc wizards
  9 gnolls
  4 river rats
  14 adders
  A white imp (D:6)
  2 ufetubi
  2 worms (Sewer)
  2 dart slugs
  29 orcs
  10 ball pythons
  4 endoplasms
  A giant cockroach (D:1)
  4 goblins
  4 hobgoblins
  4 jackals (D:1)
  19 kobolds
  8 quokkas
  3 bats
  3 frilled lizards
  10 rats
263 creatures vanquished.

Vanquished Creatures (collateral kills)
  An adder (D:3)
  A bat (D:3)
  A ball python (D:3)
  A kobold (D:3)
4 creatures vanquished.

Vanquished Creatures (others)
  4 toadstools (D:2)
4 creatures vanquished.

Grand Total: 271 creatures vanquished

Notes
Turn   | Place    | Note
-------+----------+-------------------------------------------
     0 | D:1      | CannotBeFrozen the Demigod Warper began the quest for the
                  | Orb.
     0 | D:1      | Reached XP level 1. HP: 17/17 MP: 5/5
    55 | D:1      | Reached skill level 2 in Long Blades
   550 | D:1      | Reached XP level 2. HP: 16/24 MP: 7/7
   945 | D:1      | Reached skill level 3 in Long Blades
   998 | D:1      | Reached skill level 1 in Throwing
  1569 | D:2      | Learned a level 2 spell: Blink
  1916 | D:2      | Reached XP level 3. HP: 29/29 MP: 8/8
  2612 | D:3      | Found a glowing drain.
  2621 | Sewer    | Entered a sewer
  2784 | Sewer    | Reached XP level 4. HP: 28/36 MP: 9/9
  3111 | Sewer    | Noticed a kobold brigand
  3127 | Sewer    | Killed a kobold brigand
  3128 | Sewer    | Reached skill level 4 in Long Blades
  3128 | Sewer    | Reached XP level 5. HP: 22/41 MP: 10/10
  3368 | Sewer    | Reached skill level 5 in Long Blades
  3687 | Sewer    | Reached XP level 6. HP: 39/48 MP: 11/11
  3804 | Sewer    | Reached skill level 1 in Armour
  4063 | Sewer    | Reached skill level 6 in Long Blades
  4063 | Sewer    | Reached skill level 1 in Stealth
  4935 | D:4      | Reached XP level 7. HP: 51/55 MP: 12/12
  5398 | D:4      | Reached skill level 7 in Long Blades
  5558 | D:5      | Entered Level 5 of the Dungeon
  5852 | D:5      | Identified the +8 great sword of Absolution {vorpal, Contam
                  | rPois rC+}
  6033 | D:5      | Reached XP level 8. HP: 61/61 MP: 14/14
  6459 | D:6      | Reached skill level 8 in Long Blades
  6504 | D:6      | Reached skill level 5 in Translocations
  6700 | D:6      | Reached skill level 9 in Long Blades
  6723 | D:6      | Learned a level 3 spell: Gell's Gravitas
  6729 | D:6      | Learned a level 5 spell: Manifold Assault
  6941 | D:6      | Noticed a two-headed ogre
  6966 | D:6      | Killed a two-headed ogre
  6967 | D:6      | Reached skill level 10 in Long Blades
  6967 | D:6      | Reached XP level 9. HP: 57/67 MP: 15/15
  7754 | D:7      | Noticed Duvessa
  7754 | D:7      | Noticed Dowan
  7774 | D:7      | Killed Duvessa
  7775 | D:7      | Reached skill level 11 in Long Blades
  7779 | D:7      | Killed Dowan
  7867 | D:7      | Found a staircase to the Ecumenical Temple.
  8814 | D:8      | Found a runed translucent door.
  8815 | D:8      | Noticed JosephDoom's ghost (novice MiFi)
  8815 | D:8      | Noticed a +0 short sword of chaos
  9011 | D:8      | Noticed a cyclops
  9033 | D:8      | Killed a cyclops
  9034 | D:8      | Reached XP level 10. HP: 15/73 MP: 16/16
  9432 | D:9      | Gained mutation: Your body sometimes deteriorates upon
                  | taking damage. [mutagenic glow]
  9564 | D:9      | Identified the +5 rapier of Bankruptcy {venom, *Corrode rC+
                  | Str+5}
 10047 | D:9      | Noticed a two-headed ogre
 10081 | D:9      | Killed a two-headed ogre
 10219 | D:9      | Found Sinatis's Mayhem Merchandise.
 10728 | D:9      | Learned a level 3 spell: Lesser Beckoning
 10770 | D:10     | Entered Level 10 of the Dungeon
 11110 | D:10     | Found a staircase to the Orcish Mines.
 11963 | D:11     | Reached XP level 11. HP: 55/84 MP: 19/19
 12013 | D:11     | Noticed a death yak
 12014 | D:11     | Noticed a death yak
 12132 | D:11     | Noticed a death yak
 12152 | D:11     | Killed a death yak
 12164 | D:11     | Killed a death yak
 12168 | D:11     | Killed a death yak
 12237 | D:11     | Found a staircase to the Lair.
 12461 | D:11     | Reached skill level 5 in Fighting
 12461 | D:11     | Reached skill level 5 in Armour
 12461 | D:11     | Reached skill level 5 in Dodging
 12539 | D:11     | Identified the ring "Olam" {EV+4 Str-3 Int+7 Slay+5}
 12743 | D:11     | Noticed a boulder beetle
 12765 | D:11     | Killed a boulder beetle
 12852 | D:11     | Noticed a five-headed hydra
 12863 | D:11     | Killed a one-headed hydra
 12962 | D:11     | You fall into a shaft and drop 1 floor!
 13001 | D:12     | Noticed a two-headed ogre
 13019 | D:12     | Killed a two-headed ogre
 13020 | D:12     | Reached skill level 10 in Translocations
 13025 | D:12     | Noticed a deep elf pyromancer
 13026 | D:12     | Found Denum's Self-Improvement Boutique.
 13076 | D:12     | Killed a deep elf pyromancer
 13206 | D:12     | Noticed a skeletal warrior
 13659 | Lair:1   | Entered Level 1 of the Lair of Beasts
 13659 | Lair:1   | You fall into a shaft and drop 1 floor!
 13684 | Lair:2   | HP: 3/132 [elephant (9)]
 13684 | Lair:2   | Slain by an elephant

Illustrated notes

Levels and vault maps discovered:
D:1:      amcnicky_arrival_feature_with_door, layout_loops_corners,
          amcnicky_mini_corridor_feature, minmay_misc_feat_roman,
          kennysheep_minor_cross
D:2:      layout_loops_corners, minmay_gold_behind_fungi, skrybe_limestone_x
D:3:      layout_rooms, fedhas_altar_1, general_overflow_altar,
          portal_sewer_entry_d, shapermc_ecumenical_altar_venn
D:4:      layout_basic
D:5:      black_bear_nest_1, layout_rooms, grunt_temple_overflow_open,
          grunt_decor_resistance
D:6:      layout_cave_pods, mainiacjoe_overflow_concentric_impassable,
          serial_column_ruins, column_ruins_hut_pillars,
          column_ruins_courtyard_long, column_ruins_corridor_dead_end,
          column_ruins_open_medium, column_ruins_columns_corner,
          column_ruins_corridor_corner, column_ruins_columns_straight,
          grunt_ministairs_6, minmay_ruined_shrine
D:7:      layout_cave_pools, temple_statues, serial_column_ruins,
          column_ruins_hut_ruined, column_ruins_hut_ruined,
          column_ruins_corridor_straight, column_ruins_open_tiny,
          column_ruins_grid_1, column_ruins_columns_dead_end,
          column_ruins_columns_straight, uniq_duvessa
D:8:      layout_loops_ring, mainiacjoe_overflow_large_starburst,
          ebering_ghost_xom, minmay_manual_mail
D:9:      layout_grid_maze, slow_altar_1, mainiacjoe_overflow_big_doors,
          hex_medium, minmay_shop_mayhem
D:10:     layout_irregular_city, david_orc_1_choice
D:11:     layout_stronghold, dpeg_lair_monsters, grunt_ministairs_11,
          chequers_serial_rivers_small_3
D:12:     minmay_shoctagon, layout_loops_ring, nicolae_shop_self_help,
          uniq_maurice
Lair:1:   layout_roguey, chequers_serial_rivers_micro_b, serial_bayou_lake_a
Lair:2:   layout_regular_city, shoals_dummy_entry, basic_altar,
          lemuel_fruit_tree

Skill      XL: |  1  2  3  4  5  6  7  8  9 10 11 |
---------------+----------------------------------+-----
Long Blades    | 2 3 4 5 6 7 10 11 | 11.8
Throwing       | 1 2 |  2.0
Fighting       | 2 4 5 |  5.5
Armour         | 2 4 5 |  5.0
Dodging        | 2 4 5 |  5.4
Stealth        | 2 |  2.0
Spellcasting   | 2 3 4 |  4.1
Translocations | 4 5 7 8 10 | 10.2

Action                   |  1- 3 |  4- 6 |  7- 9 | 10-12 || total
-------------------------+-------+-------+-------+-------++-------
Melee: Falchion          |   142 |   167 |    74 |     4 ||   387
       Punch             |     2 |       |       |     1 ||     3
       Great sword       |       |       |   158 |   119 ||   277
       Long sword        |       |       |       |   121 ||   121
Throw: Dart              |     4 |    49 |   214 |   112 ||   379
       Javelin           |       |     9 |       |       ||     9
       Boomerang         |       |     3 |     1 |       ||     4
 Cast: Blink             |       |       |     1 |     8 ||     9
       Lesser Beckoning  |       |       |       |     2 ||     2
  Use: Scroll            |     2 |     1 |    15 |     7 ||    25
       Potion            |       |       |       |     2 ||     2
Armor: Leather armour    |     5 |       |       |       ||     5
       Ring mail         |    49 |    57 |    55 |       ||   161
       Steam dragon scal |       |       |    34 |    61 ||    95
Dodge: Dodged            |    91 |    98 |   176 |   210 ||   575

Table legend: (Time is in decaauts)
 A = Elapsed time spent in this place.
 B = Non-inter-level travel time spent in this place.
 C = Inter-level travel time spent in this place.
 D = Time resting spent in this place.
 E = Time spent auto-exploring this place.
 F = Levels seen in this place.
 G = Mean time per level.
                   A        B        C        D        E       F      G
               +--------+--------+--------+--------+--------+-----+--------+
         Total |  13903 |  13408 |    495 |   2329 |   7419 |  15 |  926.9 |
       Dungeon |  11903 |  11408 |    495 |   1452 |   6860 |  12 |  991.9 |
          Lair |     23 |     23 |      0 |      0 |      0 |   2 |   11.5 |
         Sewer |   1976 |   1976 |      0 |    877 |    558 |   1 | 1976.0 |
               +--------+--------+--------+--------+--------+-----+--------+

Top non-repeatable levels by time:
   Sewer: 1976 daAuts
    D:11: 1435 daAuts
     D:1: 1425 daAuts
     D:6: 1388 daAuts
     D:9: 1332 daAuts
    D:10: 1142 daAuts
     D:8: 978 daAuts
     D:4: 974 daAuts
     D:2: 900 daAuts
     D:5: 730 daAuts
     D:3: 658 daAuts
     D:7: 637 daAuts
    D:12: 299 daAuts
  Lair:2: 23 daAuts
